 Dungeon Crawl Stone Soup version 0.30.0-29-ga12c61a403 (webtiles) character file.

Game seed: 8354263355605901064

74 qw the Chopper (level 4, -6/28 HPs)
             Began as a Gargoyle Fighter on June 5, 2023.
             Killed from afar by Sigmund (12 damage)
             ... with a bolt of light
             ... on level 2 of the Dungeon.
             The game lasted 00:00:54 (1216 turns).

qw the Chopper (Gargoyle Fighter)                   Turns: 1216, Time: 00:00:54

Health: -6/28      AC: 16    Str: 21    XL:     4   Next: 30%
Magic:  4/4        EV:  5    Int:  9    God:
Gold:   76         SH:  0    Dex:  9    Spells: 3/3 levels left

rFire   . . .        Y - +1 war axe
rCold   . . .        c - +0 buckler
rNeg    + . .        f - +0 plate armour
rPois   inf          (no helmet)
rElec   +            (no cloak)
rCorr   .            l - +0 pair of gloves
SInv    .            (no boots)
Will    .....        (no amulet) Stlth
                     (no ring)
HPRegen 0.24/turn    (no ring)
MPRegen 0.09/turn

%: no passive effects
@: confused
A: sickness immunity, AC +3, negative energy resistance 1, electricity
resistance, torment resistance 1, petrification resistance
a: no special abilities


You were on level 2 of the Dungeon.
You visited 1 branch of the dungeon, and saw 2 of its levels.

You collected 76 gold pieces.


Innate Abilities, Weirdness & Mutations

You are immune to sickness and miasma.
Your stone body is resilient. (AC +3)
You are immune to poison.
You resist negative energy. (rN+)
You are resistant to electric shocks. (rElec)
You are resistant to unholy torment.
You are immune to petrification.


   Skills:
 - Level 3.2 Fighting
 + Level 4.0 Axes
 - Level 3.2 Armour
 - Level 3.2 Shields


You had 3 spell levels left.
You didn't know any spells.
Your spell library was empty.

Inventory:

Hand Weapons
 k - a +0 whip
 Y - a +1 war axe (weapon)
Armour
 c - a +0 buckler (worn)
 f - a +0 plate armour (worn)
 l - a +0 pair of gloves (worn)
Jewellery
 a - an amulet of faith
Scrolls
 e - a scroll of teleportation
 h - a scroll of fog {unknown}
 i - 2 scrolls of identify
Potions
 b - 3 potions of brilliance {unknown}
 d - a potion of might
 g - a potion of attraction {unknown}
 j - a potion of berserk rage {unknown}

Dungeon Overview and Level Annotations

Branches:
Dungeon (2/15)

Altars:

Annotations:
D:2 Sigmund


Message History

The quokka bites you but does no damage.
You closely miss Sigmund.
Sigmund is severely wounded.
You miss the quokka.
Sigmund smiles chillingly.
Sigmund hits you but does no damage. The quokka barely misses you.
You barely miss Sigmund.
Sigmund is severely wounded.
You barely miss the quokka. The quokka closely misses you.
Sigmund mumbles some strange words.
Sigmund flickers and vanishes!
Deactivating autopickup; reactivate with Ctrl-A.
The quokka bites you but does no damage.
You miss the quokka. You hit something.
The quokka bites you but does no damage.
You hear some strange, mumbled words.
A magic dart appears from out of thin air!
The magic dart hits you.
The quokka bites you but does no damage.
You hit the quokka.
The quokka is moderately wounded.
You miss something. Something hits you!
The quokka bites you but does no damage.
You slash the quokka!
You kill the quokka!
You hit something. Something hits you!
You closely miss something.
You hear some strange, mumbled words.
A puff of flame appears from out of thin air!
You block the puff of flame.
You hear some strange, mumbled words.
You are confused.
You miss something.
You hear a zap.
A bolt of light appears from out of thin air!
The bolt of light hits you!
You die...

#.# #.# ..# ###.## %## .
##....# .####### ..
#.....# ~~~~~~~~ ...
#.....## ~~~~~~~~
~~~.##8..8..# ~~~~~~~~
~~~~~~8.(8#.# # ~~~~~~~~
~~~~~~~..~#.## ###
~~##.#~~
~~~~~~~@.~~~~#########~~
...#.# .
.~~~~~~{.~~~~~~~#..~~~~~
##.# #
....~~~..~~~~~~~~~~~~~~~
.#
....#.~..~~~~~~~~~~~~~~~
.#
....#.8?.8#~~~~~~~~~~~~~
# #..
..8..8####~~~~~~~... #
#. .......# #.##.#..
...#..$.# ##....... #...
#<....##.


There were no monsters in sight!

Vanquished Creatures
  2 adders (D:2)
  A worm (D:2)
  4 ball pythons
  4 bats
  7 endoplasms
  2 giant cockroaches (D:1)
  2 goblins (D:1)
  4 hobgoblins
  5 jackals (D:1)
  4 kobolds (D:1)
  3 quokkas (D:2)
  A frilled lizard (D:1)
  11 rats
50 creatures vanquished.

Notes
Turn   | Place    | Note
-------+----------+-------------------------------------------
     0 | D:1      | qw the Gargoyle Fighter began the quest for the Orb.
     0 | D:1      | Reached XP level 1. HP: 14/14 MP: 1/1
     0 | D:1      | 0 ||| qw: Version: 0.2-a-108-gee2c290
     0 | D:1      | 0 ||| qw: Game counter: 1382
     0 | D:1      | 0 ||| qw: Always use a shield: true
     0 | D:1      | 0 ||| qw: God list: Okawaru
     0 | D:1      | 0 ||| qw: Allow faded altars: false
     0 | D:1      | 0 ||| qw: Do Orc after D:15 true
     0 | D:1      | 0 ||| qw: Do second Lair branch before Depths: true
     0 | D:1      | 0 ||| qw: Lair rune preference: random
     0 | D:1      | 0 ||| qw: Plans: Normal, Zot:1-4, Slime:5, God:TSO, Crypt,
                  | Tomb, Abyss, Pan, Hells, Win
     0 | D:1      | 0 ||| PLANNING D:1-11
    46 | D:1      | Reached skill level 2 in Axes
    79 | D:1      | Reached XP level 2. HP: 18/19 MP: 2/2
   331 | D:1      | 331 ||| DROPPING +0 club.
   370 | D:1      | Reached skill level 3 in Axes
   393 | D:1      | Reached XP level 3. HP: 23/23 MP: 3/3
   433 | D:1      | 433 ||| Stepping ~*~*~tactically~*~*~ (hiding).
   498 | D:1      | 498 ||| Stepping ~*~*~tactically~*~*~ (stealth).
   805 | D:1      | 805 ||| Stepping ~*~*~tactically~*~*~ (stealth).
   806 | D:1      | 806 ||| Stepping ~*~*~tactically~*~*~ (stealth).
   810 | D:1      | 810 ||| Stepping ~*~*~tactically~*~*~ (stealth).
   839 | D:1      | 839 ||| UPGRADING to +0 plate armour.
   849 | D:1      | 849 ||| DROPPING +0 scale mail.
   850 | D:1      | 850 ||| UPGRADING to +0 pair of gloves.
   855 | D:1      | 855 ||| READING scroll labelled KEXUM RIT ASTIFUFE.
   856 | D:1      | 856 ||| READING scroll labelled URGHEE NUZA.
   857 | D:1      | 857 ||| READING 2 scrolls labelled HYUHAE NOUMN.
   858 | D:1      | 858 ||| READING scroll labelled AHEEPS ILUMM.
   995 | D:2      | Reached XP level 4. HP: 27/28 MP: 4/4
  1028 | D:2      | 1028 ||| Stepping ~*~*~tactically~*~*~ (stealth).
  1036 | D:2      | 1036 ||| Stepping ~*~*~tactically~*~*~ (stealth).
  1037 | D:2      | 1037 ||| Stepping ~*~*~tactically~*~*~ (stealth).
  1077 | D:2      | Reached skill level 4 in Axes
  1201 | D:2      | Noticed Sigmund
  1214 | D:2      | HP: 5/28 [something (7)]
  1216 | D:2      | Killed from afar by Sigmund

Levels and vault maps discovered:
D:1:      enne_arrival_octagon_isle, layout_loops_ring, minmay_tetromino_o4
D:2:      wander_river, layout_loops_cross,
          shapermc_ecumenical_altar_flowoftime, uniq_sigmund

Skill      XL: |  1  2  3  4 |
---------------+-------------+-----
Axes           | 2 3 4 |  4.0
Fighting       | |  3.2
Armour         | |  3.2
Shields        | |  3.2

Action                     |  1- 3 |  4- 6 || total
---------------------------+-------+-------++-------
  Melee: War axe           |   118 |    23 ||   141
    Use: Scroll            |     4 |       ||     4
 Armour: Scale mail        |    39 |       ||    39
         Plate armour      |    15 |    15 ||    30
  Dodge: Dodged            |    51 |     6 ||    57
  Block: Buckler           |    24 |     2 ||    26

Table legend:
 A = Non-vault XP
 B = Vault XP
 C = Vault XP percentage of total XP
 D = Non-vault monster count
 E = Vault monster count
 F = Vault count percentage of total count
                 A         B        C        D         E       F
            +---------+---------+-------+---------+---------+-------
      Total |     101 |       6 |   5.6 |      46 |       4 |   8.0
            +---------+---------+-------+---------+---------+-------
        D:1 |      53 |       6 |  10.2 |      32 |       4 |  11.1
        D:2 |      48 |       0 |   0.0 |      14 |       0 |   0.0
            +---------+---------+-------+---------+---------+-------
